 Dungeon Crawl Stone Soup version 0.29.0-13-gc9e81de378 (webtiles) character file.

Game seed: 13148127314396606196

17360 browni3141 the Summoner (level 12, -3/81 HPs)
             Began as a Ghoul Summoner on Sept 9, 2022.
             Was an Elder of Sif Muna.
             Slain by an azure jelly (6 damage)
             ... in an ice cave.
             The game lasted 00:46:46 (18718 turns).

browni3141 the Summoner (Ghoul Summoner)           Turns: 18718, Time: 00:46:47

Health: -3/81      AC: 11    Str: 24    XL:     12   Next: 47%
Magic:  16/20      EV: 11    Int: 10    God:    Sif Muna [****..]
Gold:   930        SH:  0    Dex:  9    Spells: 5/24 levels left

rFire   . . .      SeeInvis +   a - +2 trident (freeze)
rCold   + + +      Faith    .   (no shield)
rNeg    + + +      Spirit   .   A - +3 leather armour "Jeyd" {Str+3}
rPois   ∞          Reflect  .   o - +1 helmet
rElec   .          Harm     .   P - +1 cloak of the Swamp {Str+4 SInv}
rCorr   .          Rampage  .   (no gloves)
Will    .....                   R - +0 pair of boots
Stlth   +.........              r - amulet of magic regeneration
HPRegen 0.00/turn               c - ring of protection from cold
MPRegen 0.57/turn               C - ring of protection from cold

@: inhibited regen
A: claws 1, cold resistance 1, negative energy resistance 3, inhibited
regeneration, torment resistance 2, devour on kill
a: Renounce Religion, Channel Magic, Forget Spell, Divine Exegesis


You were in an ice cave.
You worshipped Sif Muna.
Sif Muna was greatly pleased with you.
You visited 1 branch of the dungeon, and saw 11 of its levels.
You also visited: Sewer and Ice Cave.

You collected 930 gold pieces.


Innate Abilities, Weirdness & Mutations

You are immune to poison.
You have sharp fingernails.
Your flesh is cold resistant. (rC+)
You are immune to negative energy. (rN+++)
You do not regenerate when monsters are visible.
You are immune to unholy pain and torment.
You thrive by killing the living.


   Skills:
 - Level 3.0 Armour
 - Level 1.7 Dodging
 - Level 2.1 Stealth
 * Level 6.5 Spellcasting
 - Level 14.0 Summonings
 * Level 1.9 Air Magic
 - Level 10.0 Invocations
 - Level 5.0 Evocations


You had 5 spell levels left.
You knew the following spells:

 Your Spells              Type           Power      Damage    Failure   Level
c - Call Imp              Summ           31%        N/A       1%          2
f - Call Canine Familiar  Summ           31%        N/A       1%          3
g - Summon Guardian Gole  Hex/Summ       17%        N/A       3%          3
l - Summon Lightning Spi  Summ/Air       19%        N/A       9%          4
z - Summon Small Mammal   Summ           100%       N/A       1%          1
X - Summon Cactus Giant   Summ           15%        N/A       11%         6

Your spell library contained the following spells:

 Spells                   Type           Power      Damage    Failure   Level
 Shock                    Conj/Air       20%        1d4       16%         1
 Slow                     Hex            12%        N/A       22%         1
 Poisonous Vapours        Pois/Air       10%        N/A       22%         2
 Scorch                   Fire           6%         2d5       34%         2
 Confusing Touch          Hex            3%         N/A       56%         3
 Portal Projectile        Hex/Tloc       6%         N/A       56%         3
 Tukima's Dance           Hex            3%         N/A       56%         3
 Vampiric Draining        Necr           3%         2d6       56%         3
 Flame Wave               Conj/Fire      3%         2d5       92%         4
 Fulminant Prism          Conj/Hex       1%         3d6       92%         4
 Hailstorm                Conj/Ice       3%         3d3       92%         4
 Freezing Cloud           Conj/Ice/Air   2%         6-21      99%         5
 Irradiate                Conj/Tmut      1%         3d12      99%         5
 Simulacrum               Ice/Necr       1%         N/A       100%        6
 Maxwell's Capacitive Co  Air            3%         ∞         100%        8
 Fire Storm               Conj/Fire      1%         8d1       100%        9
 Polar Vortex             Ice            1%         N/A       100%        9
 Blade Hands              Tmut           Unusable   N/A       N/A         5

Inventory:

Hand Weapons
 a - a +2 trident of freezing (weapon)
 b - the +3 arbalest "Bonuxtok" {penet, rPois rF+ Int+2 Stlth-}
   (You found it on level 7 of the Dungeon)

   Any ammunition fired by it passes through the targets it hits, potentially
   hitting all targets in its path until it reaches maximum range.
   Int:       It affects your intelligence (+2).
   rF:        It protects you from fire.
   rPois:     It protects you from poison.
   Stlth:     It makes you less stealthy.
 m - a +2 war axe of freezing
 x - a +3 antimagic flail
 B - a +0 shortbow
Missiles
 e - 4 throwing nets
 U - a curare-tipped dart {@f4}
Armour
 o - a +1 helmet (worn)
 A - the +3 leather armour "Jeyd" (worn) {Str+3}
   (You found it on level 5 of the Dungeon)

   Str:       It affects your strength (+3).
 E - a +0 cloak
 P - the +1 cloak of the Swamp (worn) {Str+4 SInv}
   (You found it on level 8 of the Dungeon)

   Str:       It affects your strength (+4).
   SInv:      It lets you see invisible.
 Q - a +0 robe
 R - a +0 pair of boots (worn)
 Z - a +0 tower shield of cold resistance
Magical Staves
 n - a staff of conjuration {!a}
Jewellery
 c - a ring of protection from cold (left claw)
 r - an amulet of magic regeneration (around neck)
 C - a ring of protection from cold (right claw)
 F - a ring of fire
 I - a +6 ring of intelligence
 X - a +6 ring of dexterity
Wands
 w - a wand of flame (5)
 D - a wand of charming (33)
 J - a wand of mindburst (19)
Scrolls
 d - a scroll of brand weapon {unknown}
 q - 6 scrolls of magic mapping
 u - 3 scrolls of enchant armour
 v - 2 scrolls of immolation {!r}
 y - a scroll of blinking {unknown}
 z - a scroll of summoning {unknown}
 G - 2 scrolls of identify {@r1}
 L - 7 scrolls of teleportation {@r4}
 N - a scroll of poison {unknown}
 O - a scroll of fog {unknown}
 S - 2 scrolls of amnesia {unknown}
 T - a scroll of vulnerability {unknown}
 V - a scroll of noise {unknown}
Potions
 f - 6 potions of mutation {unknown}
 g - 6 potions of haste {unknown}
 h - 2 potions of brilliance {unknown}
 i - 2 potions of cancellation
 j - 2 potions of invisibility {unknown}
 k - 8 potions of curing {@q1}
 l - 2 potions of resistance {unknown}
 s - a potion of degeneration {unknown}
 t - 6 potions of flight
 H - 2 potions of magic
 K - 3 potions of ambrosia {unknown}
 M - 2 potions of lignification {unknown}
 W - 2 potions of might {unknown}
Miscellaneous
 Y - a tin of tremorstones (inert) {@f1}

Dungeon Overview and Level Annotations

Branches:
Dungeon (11/15)            Temple (0/1) D:6             Orc (0/2) D:10
  Sewer (visited)           IceCv (1/1)
   Lair: D:8-11

Altars:
Cheibriados
Fedhas
Kikubaaqudgha
Makhleb
Nemelex Xobeh
Sif Muna
Trog
Wu Jian

Shops:
D:10

= ##......# ##......
#.......# #.......
##.......## #.......
#...#.#...###...#...
#...#.#....##..##.#.
#..##.#....##..##.##
#..##.##...##..##.(#
#..#...#...##...#...
#..@...##.......##..
#..CJ..##..##....#..
#......##..####..##.
#......##..# #...#.
##..##.##..# ##..##
#.##..##..## #..##
####..###..# ##..#.
...# #..###..##.
#.... #...##..##.


You could see an azure jelly (ally target) and a friendly cactus giant
(summoned).


Message History

Casting: Call Canine Familiar (safe; 1% risk of failure)
Confirm with . or Enter, or press ? or * to list all spells.
Okay, then.
Magic courses through your body.
The azure jelly quivers.
Unknown command.
Casting: Call Canine Familiar (safe; 1% risk of failure)
Confirm with . or Enter, or press ? or * to list all spells.
Unknown command.
The azure jelly attacks as you move away!
The azure jelly hits you.
* * * LOW HITPOINT WARNING * * *
The azure jelly freezes you. You resist.
* * * LOW HITPOINT WARNING * * *
The azure jelly hits you!
* * * LOW HITPOINT WARNING * * *
The azure jelly freezes you. You resist.
* * * LOW HITPOINT WARNING * * *
The azure jelly hits you.
* * * LOW HITPOINT WARNING * * *
The azure jelly hits you but does no damage.
Your cactus giant closely misses the azure jelly.
The azure jelly hits you.
* * * LOW HITPOINT WARNING * * *
The azure jelly freezes you! You resist.
* * * LOW HITPOINT WARNING * * *
The azure jelly hits you.
* * * LOW HITPOINT WARNING * * *
The azure jelly freezes you. You resist.
You die...

Skill      XL: |  1  2  3  4  5  6  7  8  9 10 11 12 |
---------------+-------------------------------------+-----
Spellcasting   | 2 3 4 6 |  6.5
Summonings     | 4 5 6 7 9 11 12 13 14 | 14.0
Armour         | 3 |  3.0
Invocations    | 4 8 10 | 10.0
Evocations     | 3 5 |  5.0
Air Magic      | 1 |  1.9
Dodging        | |  1.7
Stealth        | |  2.1

Action                   |  1- 3 |  4- 6 |  7- 9 | 10-12 || total
-------------------------+-------+-------+-------+-------++-------
Melee: Unarmed           |   120 |    22 |       |       ||   142
       War axe           |       |    75 |   225 |    29 ||   329
       Punch             |       |     1 |       |     5 ||     6
       Trident           |       |       |       |   315 ||   315
 Fire: Shortbow          |       |       |     6 |       ||     6
       Arbalest          |       |       |       |    86 ||    86
 Cast: Summon Small Mamm |    53 |     7 |     7 |       ||    67
       Call Imp          |     2 |    25 |     4 |     2 ||    33
       Call Canine Famil |       |     4 |    51 |    66 ||   121
       Summon Guardian G |       |     1 |    12 |    33 ||    46
       Summon Cactus Gia |       |       |       |    32 ||    32
       Summon Lightning  |       |       |       |     2 ||     2
Evoke: Wand              |       |       |     2 |     7 ||     9
       Tin of tremorston |       |       |       |     2 ||     2
  Use: Scroll            |       |     7 |     1 |       ||     8
       Potion            |       |       |     1 |     6 ||     7
 Stab: Sleeping          |     1 |       |     2 |     2 ||     5
       Distracted        |     1 |       |     2 |     2 ||     5
Armor: Robe              |    28 |    50 |    11 |       ||    89
       Leather armour    |       |       |   118 |   208 ||   326
Dodge: Dodged            |    85 |    76 |   199 |   301 ||   661

Levels and vault maps discovered:
D:1:      lightli_arrival_maybe_door_vault, layout_loops_ring,
          hellmonk_ecumenical_altar_pennies_from_heaven, minmay_door_square,
          supply_closet_lemuel, roderic_serpentine_path, minmay_tromino_i2
D:2:      layout_loops_ring
D:3:      layout_rooms, kennysheep_orc_sif_temple, interstate_on_off
D:4:      layout_basic, cheibrodos_sewer_entry_bend, minmay_misc_feat_columns,
          chequers_big_river, st_stairs_1, uniq_edmund
D:5:      layout_basic, nicolae_overflow_hidden_temple,
          nicolae_overflow_squiral, serial_curves, eino_curves_04,
          eino_curves_01, kennysheep_path_1
D:6:      layout_basic, nicolae_elyvilon_peaceful_grove,
          minmay_temple_entry_butterflies, minivault_14
D:7:      layout_loops_ring, makhleb_heckhound_becter,
          dreamdust_princess_bridge, lightli_church_of_beogh,
          uniq_prince_ribbit1
D:8:      layout_basic, mainiacjoe_overflow_large_starburst,
          minmay_fractal_squares_diagonal_5
D:9:      layout_long_grid, trog_butcher_becter, uniq_grum
D:10:     layout_roguey, david_orc_2, serial_shops,
          nicolae_shop_competitors_out_of_business, minivault_25_ag,
          dk_noncrumbling_4, hangedman_fish_farm
D:11:     layout_small_grid, lair_entry_dummy, portal_ice_cave_entry_pillars_2
IceCv:    ice_cave_hellmonk_azure_passage

Notes
Turn   | Place    | Note
-------+----------+-------------------------------------------
     0 | D:1      | browni3141 the Ghoul Summoner began the quest for the Orb.
     0 | D:1      | Reached XP level 1. HP: 14/14 MP: 2/2
   111 | D:1      | Reached skill level 2 in Spellcasting
   173 | D:1      | Reached XP level 2. HP: 10/20 MP: 0/4
   589 | D:1      | Found a faded altar of an unknown god.
   732 | D:1      | Learned a level 2 spell: Call Imp
   922 | D:1      | Reached XP level 3. HP: 26/26 MP: 4/6
   926 | D:1      | Learned a level 3 spell: Call Canine Familiar
  1205 | D:2      | Reached skill level 3 in Spellcasting
  1607 | D:2      | Identified the +1 scale mail "Cawiorchu" {Harm rF- Int+2}
  1967 | D:2      | Reached skill level 4 in Summonings
  1967 | D:2      | Reached XP level 4. HP: 10/33 MP: 7/7
  2789 | D:3      | Reached XP level 5. HP: 36/38 MP: 6/8
  3020 | D:3      | Learned a level 3 spell: Summon Guardian Golem
  3241 | D:3      | Reached skill level 5 in Summonings
  3315 | D:3      | Found a shimmering blue altar of Sif Muna.
  3357 | D:3      | Became a worshipper of Sif Muna the Loreminder
  3633 | D:4      | Found a glowing drain.
  3650 | Sewer    | Entered a sewer
  3716 | Sewer    | Noticed a kobold brigand
  3735 | Sewer    | Killed a kobold brigand
  3736 | Sewer    | Reached XP level 6. HP: 25/45 MP: 10/10
  4023 | D:4      | Noticed Edmund
  4052 | D:4      | Killed Edmund
  4053 | D:4      | Reached skill level 4 in Spellcasting
  4053 | D:4      | Reached skill level 6 in Summonings
  4446 | D:4      | Reached XP level 7. HP: 47/50 MP: 12/12
  4573 | D:4      | Reached * piety under Sif Muna
  4899 | D:5      | Entered Level 5 of the Dungeon
  5092 | D:5      | Reached skill level 7 in Summonings
  5313 | D:5      | Reached XP level 8. HP: 57/57 MP: 13/13
  5429 | D:5      | Identified the +3 leather armour "Jeyd" {Str+3}
  5434 | D:5      | Found an ornate altar of the Wu Jian Council.
  5487 | D:5      | Found a blossoming altar of Fedhas.
  5555 | D:5      | Reached skill level 8 in Summonings
  5613 | D:5      | Reached skill level 1 in Armour
  5775 | D:5      | HP: 4/57 [killer bee (7)]
  5796 | D:5      | Reached skill level 2 in Armour
  6268 | D:5      | Found a sparkling altar of Nemelex Xobeh.
  6750 | D:6      | Reached skill level 3 in Armour
  6831 | D:6      | Reached ** piety under Sif Muna
  6837 | D:6      | Reached skill level 9 in Summonings
  7256 | D:6      | Reached XP level 9. HP: 62/62 MP: 14/14
  7609 | D:6      | Reached skill level 10 in Summonings
  7717 | D:6      | Found a staircase to the Ecumenical Temple.
  8320 | D:7      | Found a runed translucent door.
  8506 | D:7      | Identified the +3 arbalest "Bonuxtok" {penet, rPois rF+
                  | Int+2 Stlth-}
  8605 | D:7      | Identified the +1 robe of Insurance {+Inv}
  8857 | D:7      | Noticed a hornet
  8865 | D:7      | Killed a hornet
  8866 | D:7      | Reached skill level 11 in Summonings
  9194 | D:7      | Found a burning altar of Makhleb.
  9258 | D:7      | Noticed Prince Ribbit
  9539 | D:6      | Killed Prince Ribbit
  9717 | D:7      | Reached *** piety under Sif Muna
  9993 | D:7      | Learned a level 6 spell: Summon Cactus Giant
 10325 | D:8      | Reached XP level 10. HP: 69/69 MP: 11/15
 10385 | D:8      | Reached skill level 12 in Summonings
 10444 | D:8      | Reached skill level 5 in Spellcasting
 10860 | D:8      | Identified the +1 cloak of the Swamp {Str+4 SInv}
 10965 | D:8      | Found a snail-covered altar of Cheibriados.
 10980 | D:8      | Found an ancient bone altar of Kikubaaqudgha.
 11190 | D:8      | Noticed a two-headed ogre
 11240 | D:8      | Killed a two-headed ogre
 11240 | D:8      | Reached **** piety under Sif Muna
 11241 | D:8      | Reached skill level 1 in Invocations
 11241 | D:8      | Reached skill level 1 in Evocations
 11486 | D:9      | Reached skill level 2 in Invocations
 11521 | D:9      | Noticed Grum
 11550 | D:9      | Killed Grum
 11551 | D:9      | Reached skill level 2 in Evocations
 11780 | D:9      | Reached skill level 3 in Invocations
 12118 | D:9      | Found a bloodstained altar of Trog.
 12891 | D:9      | Reached skill level 6 in Spellcasting
 12891 | D:9      | Reached skill level 3 in Evocations
 13615 | D:9      | Reached skill level 4 in Invocations
 13624 | D:9      | Reached XP level 11. HP: 51/74 MP: 19/19
 13796 | D:10     | Entered Level 10 of the Dungeon
 13806 | D:10     | Found a staircase to the Orcish Mines.
 13864 | D:10     | Reached ***** piety under Sif Muna
 14106 | D:10     | Received a gift from Sif Muna
 14107 | D:10     | Reached skill level 4 in Evocations
 14107 | D:10     | Got Xatook's Reference Book on Hazy Blasting {god gift}
 14240 | D:10     | Reached skill level 5 in Invocations
 14411 | D:10     | Found Xytsed's Jewellery Shop.
 14490 | D:10     | Reached skill level 13 in Summonings
 14961 | D:10     | Noticed a brown ugly thing
 14989 | D:10     | Killed a red ugly thing
 15514 | D:11     | Reached skill level 6 in Invocations
 15517 | D:11     | Reached skill level 5 in Evocations
 15642 | D:11     | Noticed a two-headed ogre
 15651 | D:11     | Killed a two-headed ogre
 15665 | D:11     | Noticed a boulder beetle
 15678 | D:11     | Killed a boulder beetle
 15679 | D:11     | Reached skill level 7 in Invocations
 15758 | D:11     | Noticed a centaur warrior
 15768 | D:11     | Killed a centaur warrior
 15815 | D:11     | Found a frozen archway.
 15978 | IceCv    | Entered an ice cave
 16242 | IceCv    | Noticed a quicksilver ooze
 16249 | IceCv    | Killed a quicksilver ooze
 16250 | IceCv    | Reached skill level 8 in Invocations
 16250 | IceCv    | Reached XP level 12. HP: 47/81 MP: 18/20
 16413 | IceCv    | Reached skill level 14 in Summonings
 16566 | IceCv    | Reached skill level 9 in Invocations
 18324 | IceCv    | Noticed a quicksilver ooze
 18339 | IceCv    | Killed a quicksilver ooze
 18340 | IceCv    | Reached skill level 10 in Invocations
 18345 | IceCv    | Learned a level 4 spell: Summon Lightning Spire
 18474 | IceCv    | Noticed a quicksilver ooze
 18494 | IceCv    | Killed a quicksilver ooze
 18495 | IceCv    | Reached skill level 1 in Air Magic
 18714 | IceCv    | Noticed an azure jelly
 18718 | IceCv    | HP: 6/81 [azure jelly (7)]
 18718 | IceCv    | Slain by an azure jelly

Vanquished Creatures
  A two-headed ogre (D:11)
  A gargoyle (D:11)
  A merfolk (D:10)
  A nameless horror (IceCv)
  4 slime creatures (IceCv)
  2 wraiths
  10 yaks
  Grum (D:9)
  2 ice beasts (D:6)
  3 orc warriors
  2 wolves (D:9)
  2 centaurs
  6 kobold brigands
  2 necrophages
  2 bullfrogs
  A gnoll sergeant (D:9)
  2 scorpions
  A wight (D:8)
  4 killer bees
  A howler monkey (D:8)
  An electric eel (D:6)
  A gnoll bouda (D:9)
  4 orc priests
  2 hounds
  7 iguanas
  8 orc wizards
  A shapeshifter simulacrum (IceCv)
  7 gnolls
  5 adders
  A river rat (Sewer)
  A shadow imp (D:7)
  2 worms
  3 dart slugs
  37 orcs
  5 ball pythons
  3 bats
  6 endoplasms
  2 giant cockroaches
  6 goblins
  5 hobgoblins
  11 jackals
  26 kobolds
  A quokka (D:2)
  3 frilled lizards
  10 rats
207 creatures vanquished.

Vanquished Creatures (collateral kills)
  2 quicksilver oozes (IceCv)
  A boulder beetle (D:11)
  A centaur warrior (D:11)
  2 nameless horrors (IceCv)
  A hornet (D:11)
  6 slime creatures (IceCv)
  Prince Ribbit (D:6)
  2 yaks (D:11)
  2 orc warriors (D:9)
  A sky beast (D:8)
  An ogre (D:5)
  A great orb of eyes simulacrum (IceCv)
  A centaur (D:5)
  3 slime creature simulacra (IceCv)
  A kobold brigand (Sewer)
  2 bullfrogs
  A scorpion (D:5)
  2 killer bees
  2 howler monkeys
  A jelly (D:6)
  2 hounds
  4 orc priests
  5 orc wizards
  An iguana (D:5)
  5 shapeshifter simulacra (IceCv)
  3 gnolls
  A river rat (Sewer)
  3 adders
  An ufetubus (D:5)
  A dart slug (D:3)
  22 orcs
  2 endoplasms
  2 giant cockroaches
  5 goblins
  3 hobgoblins (D:1)
  A jackal (D:4)
  2 quokkas
  2 ball pythons
  3 bats
  2 frilled lizards
  13 kobolds
  3 rats
  A butterfly (D:6)
121 creatures vanquished.

Vanquished Creatures (others)
  A quicksilver ooze (IceCv)
  A two-headed ogre (D:8)
  An ugly thing (D:10)
  2 ice statues (IceCv)
  A hornet (D:7)
  A wraith (D:10)
  6 yaks
  Edmund (D:4)
  An acid dragon (D:8)
  A water moccasin (D:8)
  A black bear (D:5)
  A great orb of eyes simulacrum (IceCv)
  3 orc warriors
  A wolf (D:9)
  A bullfrog (D:8)
  5 wights (D:8)
  3 killer bees
  3 orc wizards
  3 shapeshifter simulacra (IceCv)
  5 orcs (D:7)
  A kobold (D:10)
43 creatures vanquished.

Grand Total: 371 creatures vanquished

Table legend: (Time is in decaauts)
 A = Elapsed time spent in this place.
 B = Non-inter-level travel time spent in this place.
 C = Inter-level travel time spent in this place.
 D = Time resting spent in this place.
 E = Time spent auto-exploring this place.
 F = Levels seen in this place.
 G = Mean time per level.
                   A        B        C        D        E       F      G
               +--------+--------+--------+--------+--------+-----+--------+
         Total |  19130 |  18728 |    402 |   4336 |  10068 |  13 | 1471.5 |
       Dungeon |  16013 |  15611 |    402 |   2432 |   9768 |  11 | 1455.7 |
         Sewer |    342 |    342 |      0 |      0 |    237 |   1 |  342.0 |
      Ice Cave |   2774 |   2774 |      0 |   1904 |     62 |   1 | 2774.0 |
               +--------+--------+--------+--------+--------+-----+--------+

Top non-repeatable levels by time:
   IceCv: 2774 daAuts
     D:9: 2405 daAuts
     D:5: 1917 daAuts
    D:10: 1764 daAuts
     D:6: 1761 daAuts
     D:7: 1624 daAuts
     D:2: 1323 daAuts
     D:4: 1321 daAuts
     D:8: 1245 daAuts
     D:1: 1193 daAuts
     D:3: 958 daAuts
    D:11: 497 daAuts
   Sewer: 342 daAuts

Table legend:
 A = Non-vault XP
 B = Vault XP
 C = Vault XP percentage of total XP
 D = Non-vault monster count
 E = Vault monster count
 F = Vault count percentage of total count
                 A         B        C        D         E       F
            +---------+---------+-------+---------+---------+-------
      Total |   13905 |   10896 |  43.9 |     261 |     104 |  28.5
            +---------+---------+-------+---------+---------+-------
        D:1 |      34 |       1 |   2.9 |      21 |       1 |   4.5
        D:2 |     106 |       0 |   0.0 |      25 |       0 |   0.0
        D:3 |      94 |       3 |   3.1 |      24 |       1 |   4.0
        D:4 |     158 |     174 |  52.4 |      15 |       5 |  25.0
        D:5 |    1093 |       0 |   0.0 |      24 |       0 |   0.0
        D:6 |    1033 |     255 |  19.8 |      33 |       1 |   2.9
        D:7 |     973 |     259 |  21.0 |      19 |      26 |  57.8
        D:8 |    1793 |     590 |  24.8 |      23 |       6 |  20.7
        D:9 |    1884 |     776 |  29.2 |      41 |       8 |  16.3
       D:10 |    2539 |    1592 |  38.5 |      26 |      13 |  33.3
       D:11 |    4198 |       0 |   0.0 |      10 |       0 |   0.0
      Sewer |       0 |     134 | 100.0 |       0 |      15 | 100.0
      IceCv |       0 |    7112 | 100.0 |       0 |      28 | 100.0
            +---------+---------+-------+---------+---------+-------
